 Dungeon Crawl Stone Soup version 0.30.0-2-g1aa4bd4387 (webtiles) character file.

Game seed: 13889244486700630132

1858550 Kenran the Axe Maniac (level 25, 257/257 HPs)
             Began as a Minotaur Berserker on May 7, 2023.
             Was a High Priest of Trog.
             Escaped with the Orb
             ... and 3 runes!
             The game lasted 02:16:29 (54989 turns).

Kenran the Axe Maniac (Minotaur Berserker)         Turns: 54989, Time: 02:16:30

Health: 257/257    AC: 41    Str: 33    XL:     25   Next: 77%
Magic:  7/7        EV: 14    Int:  4    God:    Trog [*****.]
Gold:   1796       SH:  0    Dex:  9    Spells: 24/24 levels left

rFire   + + .        b - +9 executioner's axe (antimagic) {rare}
rCold   + . .        (shield currently unavailable)
rNeg    . . .        N - +2 gold dragon scales {rare}
rPois   +            H - +0 mask of the Dragon {Will+ Slay+3 SInv}
rElec   .            S - +2 cloak {rF+}
rCorr   +            F - +1 pair of gloves "Kicatel" {+Inv Regen+}
SInv    +            s - +1 pair of boots {Fly}
Will    ++...        g - amulet of regeneration Stlth
                     V - ring of the Tortoise {AC+8}
HPRegen 2.22/turn    R - ring of resist corrosion
MPRegen 0.10/turn

%: no passive effects
@: flying, studying 2 skills
A: horns 2, retaliatory headbutt, clumsy 1, deformed body, deterioration 1,
inability to drink after injury 2
0: Orb of Zot
}: 3/15 runes: decaying, slimy, gossamer
a: Renounce Religion, Evoke Invisibility, Berserk, Trog's Hand, Brothers in Arms


You escaped.
You worshipped Trog.
Trog was extremely pleased with you.
You visited 10 branches of the dungeon, and saw 50 of its levels.
You visited the Abyss 1 time.
You visited 1 bazaar.
You also visited: Ossuary, Bailey, Ice Cave, Volcano and Wizlab.

You collected 6272 gold pieces.
You spent 4476 gold pieces at shops.


Innate Abilities, Weirdness & Mutations

You have a pair of horns on your head.
You reflexively headbutt those who attack you in melee.
You are clumsy. (Dex -2)
Armour fits poorly on your strangely shaped body.
Your body sometimes deteriorates upon taking damage.
You sometimes lose the ability to drink potions when taking damage.


   Skills:
 O Level 27 Fighting
 O Level 27 Axes
 + Level 26.5 Armour
 + Level 22.7 Dodging
 + Level 20.2 Evocations


You had 24 spell levels left.
You didn't know any spells.
Your spell library contained the following spells:

 Spells                   Type           Power      Damage    Failure   Level
 Apportation              Tloc           0%         N/A       95%         1
 Foxfire                  Conj/Fire      0%         2x1d4     95%         1
 Freeze                   Ice            0%         1d3       95%         1
 Kiss of Death            Conj/Necr      0%         2d5       95%         1
 Magic Dart               Conj           0%         1d3       95%         1
 Shock                    Conj/Air       0%         1d3       95%         1
 Slow                     Hex            0%         N/A       95%         1
 Summon Small Mammal      Summ           0%         N/A       95%         1
 Call Imp                 Summ           0%         N/A       99%         2
 Cigotuvi's Dreadful Rot  Necr/Pois/Air  0%         N/A       99%         2
 Ensorcelled Hibernation  Hex/Ice        0%         N/A       99%         2
 Lesser Beckoning         Tloc           0%         N/A       99%         2
 Passwall                 Tmut/Erth      0%         N/A       99%         2
 Searing Ray              Conj           0%         2d4       99%         2
 Static Discharge         Conj/Air       0%         2-2/arc   99%         2
 Sublimation of Blood     Necr           0%         N/A       99%         2
 Wereblood                Tmut           0%         N/A       99%         2
 Call Canine Familiar     Summ           0%         N/A       100%        3
 Confusing Touch          Hex            0%         N/A       100%        3
 Dazzling Flash           Conj/Hex       0%         N/A       100%        3
 Frozen Ramparts          Ice            0%         1d1       100%        3
 Gell's Gravitas          Tloc           0%         N/A       100%        3
 Hailstorm                Conj/Ice       0%         3d3       100%        3
 Ignite Poison            Fire/Tmut/Pois 0%         N/A       100%        3
 Mephitic Cloud           Conj/Pois/Air  0%         N/A       100%        3
 Ozocubu's Armour         Ice            0%         N/A       100%        3
 Portal Projectile        Hex/Tloc       0%         N/A       100%        3
 Swiftness                Air            0%         N/A       100%        3
 Teleport Other           Tloc           0%         N/A       100%        3
 Vampiric Draining        Necr           0%         2d6       100%        3
 Volatile Blastmotes      Fire/Tloc      0%         2d10      100%        3
 Airstrike                Air            0%         2d(0-16)  100%        4
 Anguish                  Hex/Necr       0%         N/A       100%        4
 Cause Fear               Hex            0%         N/A       100%        4
 Dispel Undead            Necr           0%         3d6       100%        4
 Fulminant Prism          Conj/Hex       0%         3d5       100%        4
 Iskenderun's Mystic Bla  Conj/Tloc      0%         2d3       100%        4
 Leda's Liquefaction      Hex/Erth       0%         N/A       100%        4
 Manifold Assault         Tloc           0%         N/A       100%        4
 Passage of Golubria      Tloc           0%         N/A       100%        4
 Petrify                  Tmut/Erth      0%         N/A       100%        4
 Summon Lightning Spire   Summ/Air       0%         N/A       100%        4
 Blade Hands              Tmut           0%         N/A       100%        5
 Fireball                 Conj/Fire      0%         3d3       100%        5
 Irradiate                Conj/Tmut      0%         3d11      100%        5
 Iskenderun's Battlesphe  Conj           0%         2d6       100%        5
 Lee's Rapid Deconstruct  Erth           0%         3d4*      100%        5
 Metabolic Englaciation   Hex/Ice        0%         N/A       100%        5
 Silence                  Hex/Air        0%         N/A       100%        5
 Summon Forest            Summ/Tloc      0%         N/A       100%        5
 Summon Mana Viper        Hex/Summ       0%         N/A       100%        5
 Conjure Ball Lightning   Conj/Air       0%         3x3d6     100%        6
 Death Channel            Necr           0%         N/A       100%        6
 Dispersal                Tloc           0%         N/A       100%        6
 Plasma Beam              Fire/Air       0%         2x1d11    100%        6
 Simulacrum               Ice/Necr       0%         N/A       100%        6
 Starburst                Conj/Fire      0%         6d3       100%        6
 Summon Cactus Giant      Summ           0%         N/A       100%        6
 Dragon Form              Tmut           0%         N/A       100%        7
 Enfeeble                 Hex            0%         N/A       100%        7
 Malign Gateway           Summ/Tloc      0%         N/A       100%        7
 Orb of Destruction       Conj           0%         9d5       100%        7
 Ozocubu's Refrigeration  Ice            0%         4d7       100%        7
 Spellforged Servitor     Conj/Summ      0%         N/A       100%        7
 Storm Form               Tmut/Air       0%         N/A       100%        7
 Summon Hydra             Summ           0%         N/A       100%        7
 Borgnjor's Revivificati  Necr           0%         N/A       100%        8
 Disjunction              Tloc           0%         N/A       100%        8
 Lehudib's Crystal Spear  Conj/Erth      0%         10d2      100%        8
 Maxwell's Capacitive Co  Air            0%         ∞         100%        8
 Necromutation            Tmut/Necr      0%         N/A       100%        8
 Death's Door             Necr           0%         N/A       100%        9
 Dragon's Call            Summ           0%         N/A       100%        9
 Polar Vortex             Ice            0%         N/A       100%        9

Inventory:

Hand Weapons
 a - the +7 executioner's axe of Defiance {freeze, rN++ Dex+4, rare}
   (You acquired it on level 12 of the Dungeon)

   Dex:       It affects your dexterity (+4).
   rN:        It greatly protects you from negative energy.
 b - a +9 antimagic executioner's axe (weapon) {rare}
   (Trog gifted it to you in a bailey)
Armour
 s - a +1 pair of boots of flying (worn)
   (You found it in a bailey)
 y - the +4 dragonskin cloak
   (You took it off Tiamat on level 2 of the Realm of Zot)

   Avatar's Aegis: It grants the wearer a chance to resist fire, cold, poison,
   electricity, acid, and negative energy.
 F - the +1 pair of gloves "Kicatel" (worn) {+Inv Regen+}
   (You found it on level 4 of the Vaults)

   +Inv:      It lets you turn invisible.
   Regen:     It increases your rate of health regeneration.
 H - the +0 mask of the Dragon (worn) {Will+ Slay+3 SInv}
   (You found it in a bailey)

   Slay:      It affects your accuracy & damage with ranged weapons and melee
   (+3).
   SInv:      It lets you see invisible.
   Will:      It increases your willpower.
 N - +2 gold dragon scales (worn) {rare}
   (You found it on level 3 of the Depths)
 S - a +2 cloak of fire resistance (worn)
   (You found it in a volcano)
 Z - a scarf of resistance
   (You found it on level 4 of the Spider Nest)
Jewellery
 g - an amulet of regeneration (around neck)
   (You found it on level 11 of the Dungeon)
 v - a ring of willpower
   (You found it on level 3 of the Spider Nest)
 C - a ring of protection from cold
   (You took it off a tengu reaver on level 3 of the Depths)
 P - a ring of poison resistance
   (You bought it in a shop on level 3 of the Dungeon)
 R - a ring of resist corrosion (right hand)
   (You found it on level 1 of the Dungeon)
 V - the ring of the Tortoise (left hand) {AC+8}
   (You found it on level 11 of the Dungeon)

   [ring of protection]

   AC:        It affects your AC (+8).
Wands
 m - a wand of acid (12)
   (You found it on level 5 of the Lair of Beasts)
 r - a wand of flame (92)
   (You took it off Ijyb on level 3 of the Dungeon)
 u - a wand of polymorph (15)
   (You found it on level 3 of the Dungeon)
 z - a wand of paralysis (21)
   (You found it on level 4 of the Dungeon)
 B - a wand of iceblast (17)
   (You took it off a kobold on level 4 of the Dungeon)
 G - a wand of digging (3)
   (You found it on level 3 of the Swamp)
 Q - a wand of mindburst (46)
   (You found it on level 12 of the Dungeon)
Scrolls
 d - 28 scrolls of teleportation {@r4}
 h - 7 scrolls of fear
 i - 7 scrolls of fog
 j - 5 scrolls of immolation {!r!r}
 l - 2 scrolls of blinking {!r}
 n - 10 scrolls of poison {!r}
 p - 8 scrolls of summoning
 U - 2 scrolls of magic mapping {!r}
Potions
 c - 6 potions of flight
 e - 12 potions of attraction {!q}
 f - 8 potions of might
 o - 7 potions of berserk rage {!q}
 q - 4 potions of resistance
 t - 38 potions of curing {@q1}
 w - 9 potions of cancellation
 x - 15 potions of mutation {!q}
 D - 6 potions of magic
 E - 14 potions of heal wounds {@q2}
 K - 11 potions of lignification {!q}
 L - 2 potions of invisibility
 O - 3 potions of haste {@q3}
 X - 9 potions of ambrosia
Miscellaneous
 k - a lightning rod (4/4)
   (You found it on level 12 of the Dungeon)
 I - a box of beasts
   (You found it on level 11 of the Dungeon)
 M - a condenser vane (inert)
   (You found it on level 12 of the Dungeon)

Dungeon Overview and Level Annotations

Branches:
Dungeon (15/15)            Temple (0/1) D:6            Lair (5/5) D:11
  Swamp (4/4) Lair:3       Spider (4/4) Lair:2        Slime (5/5) Lair:5
    Orc (2/2) D:12            Elf (2/3) Orc:2        Vaults (4/5) D:13
  Crypt (0/3) Vaults:3     Depths (4/4) D:15            Zot (5/5) Depths:4
Ossuary (visited)          Bailey (visited)           IceCv (visited)
Volcano (visited)          WizLab (visited)

Altars:
Ashenzari
Cheibriados
Elyvilon
Fedhas
Gozag
Hepliaklqana
Kikubaaqudgha
Qazlal
Ru
Sif Muna
Trog
Vehumet
Wu Jian
Xom
Yredelemnul
Zin
The Shining One

Shops:
D:3 (=   D:5 :?!   D:8 *   D:9 :   Orc:1 *   Orc:2 ?*:[   Elf:2 ((((?
Vaults:1 !   Depths:2 :

Portals:
Hell: Depths:1 Depths:2 Depths:3 Depths:4
Abyss: Depths:3
Pandemonium: Depths:2 Depths:3
Ziggurat: Depths:2

Annotations:
D:6 1 runed translucent door, Crazy Yiuf
D:10 3 runed translucent doors, ozzols's ghost, journeyman MiBe
Lair:2 3 runed translucent doors, jehirs's ghost, journeyman DrCK
Lair:4 exclusion: 2 oklob plants
Spider:2 exclusion: 2 downstairs
Elf:2 3 runed translucent doors
Vaults:1 exclusion: downstairs
Depths:2 exclusion: downstairs
Zot:1 2 transporters
Zot:2 exclusion: downstairs

#.... #.... #..).
#.... #######
##.... ##.....##
#..... ##.#####.#
#.....
#..8≈8≈8.####.....
#@.≈≈≈≈~...##.....
#..8≈8≈8.#..).....
##.#####.####...(.
##.....## #.....
####### ######


There were no monsters in sight!


Message History

Trog accepts your kill. 😕 HP[+1] 😕 HP[+3]
You regained 3 hp, and now have 254/257 hp. 😕 HP[+2]
You regained 2 hp, and now have 256/257 hp. 😎 HP[+1]
Your hp is fully restored (257).
The orc wizard shouts!
You hear a shout!
A hell beast comes into view.
The killer bee buzzes angrily.
The kobold demonologist shouts!
Ozzols's ghost turns its malevolent gaze towards you.
There is a stone staircase leading up here.
You hit the hell beast. The hell beast misses you. The hell beast tramples you.
You hold your ground! 😕 HP[-2]
You take 2 damage, and now have 255/257 hp.
You slice the hell beast like a ripe choko!!!
The hell beast barely misses you. You furiously retaliate!
You headbutt the hell beast!
The hell beast tramples you but does no damage. 😎 HP[+2]
Your hp is fully restored (257).
You slash the hell beast! You headbutt the hell beast!
The hell beast bites you but does no damage.
The hell beast barely misses you.
You miss the hell beast. You headbutt the hell beast!
You kill the hell beast!
Trog accepts your kill.
Okay, then.
You fly upwards.
There is a stone staircase leading down here.
There is a stone staircase leading up here.
You fly upwards.
There is a stone staircase leading down here.
A hell beast comes into view.
The hell beast barely misses you. The hell beast tramples you.
You are shoved backwards! 😕 HP[-5]
You take 5 damage, and now have 252/257 hp.
You slice the hell beast like a ripe choko!!!
Your headbutt misses the hell beast. The hell beast misses you. x2 😕 HP[+2]
You regained 2 hp, and now have 254/257 hp.
You miss the hell beast.
The hell beast bites you but does no damage.
The hell beast barely misses you. 😕 HP[+1]
You closely miss the hell beast.
The hell beast bites you but does no damage.
The hell beast tramples you but does no damage. 😎 HP[+2]
Your hp is fully restored (257).
You miss the hell beast. Your headbutt misses the hell beast.
The hell beast closely misses you. You furiously retaliate!
You headbutt the hell beast! The hell beast closely misses you.
You miss the hell beast. You headbutt the hell beast! The hell beast bites you.
The hell beast tramples you but does no damage. 😕 HP[-6]
You take 6 damage, and now have 251/257 hp.
You chop the hell beast into pieces!!!
You kill the hell beast!
Trog accepts your kill. 😕 HP[+1] No target in view!
There is a stone staircase leading up here. 😕 HP[+3]
You regained 3 hp, and now have 255/257 hp.
You fly upwards.
There is a stone staircase leading down here. 😎 HP[+2]
Your hp is fully restored (257).
An ice devil comes into view.
The ice devil moves out of view.
There is an escape hatch in the ceiling here.
A mysterious force pulls you upwards. The hatch slams shut behind you.
Level annotation: 1 runed translucent door, Crazy Yiuf Unknown command.
There is a stone staircase leading up here.
You fly upwards.
There is a stone staircase leading down here.
There is a stone staircase leading up here.
You fly upwards.
There is a stone staircase leading down here.
You see here a +0 dagger.
There is an escape hatch in the ceiling here.
A mysterious force pulls you upwards. The hatch slams shut behind you.
You see here a +0 robe.
There is a stone staircase leading up here.
You fly upwards.
There is a stone staircase leading down here.
There is a stone staircase leading up here.
You fly upwards.
There is a stone staircase leading down here.
You see here a +0 club.
Things that are here:
a +0 dagger; a +0 dagger
There is a staircase leading out of the dungeon here.
You have escaped!

Skill      XL: |  1  2  3  4  5  6  7  8  9 10 11 12 13 14 15 16 17 18 19 20 21 22 23 24 25 |
---------------+----------------------------------------------------------------------------+-----
Fighting       | 4 5 8 10 12 13 15 16 18 20 22 24 26 27 | 27.0
Axes           | 4 5 6 7 9 11 12 14 16 17 19 22 23 24 27 | 27.0
Armour         | 4 7 10 11 12 13 14 16 20 22 24 25 26 | 26.5
Evocations     | 3 5 8 10 11 13 15 18 19 20 | 20.2
Dodging        | 6 7 10 12 14 15 18 20 21 22 | 22.7

Action                     |  1- 3 |  4- 6 |  7- 9 | 10-12 | 13-15 | 16-18 | 19-21 | 22-24 | 25-27 || total
---------------------------+-------+-------+-------+-------+-------+-------+-------+-------+-------++-------
  Melee: Hand axe          |    99 |    53 |    76 |       |       |       |       |       |       ||   228
         Headbutt          |    12 |     5 |    47 |    84 |   115 |   111 |   282 |   405 |    82 ||  1143
         Punch             |     2 |       |       |       |       |       |       |       |       ||     2
         War axe           |       |       |   158 |    56 |       |       |       |       |       ||   214
         Battleaxe         |       |       |       |   364 |   676 |   539 |   429 |       |       ||  2008
         Flail             |       |       |       |    18 |       |       |       |       |       ||    18
         Executioner's axe |       |       |       |       |       |       |   618 |  1337 |   287 ||  2242
 Invoke: Berserk           |       |     3 |     6 |     3 |     1 |       |       |     1 |     1 ||    15
         Trog's Hand       |       |       |       |       |     3 |     4 |     2 |     9 |     1 ||    19
         Brothers in Arms  |       |       |       |       |       |     4 |     3 |     6 |       ||    13
  Evoke: Wand              |       |     2 |     1 |     3 |     2 |    14 |     2 |    22 |     4 ||    50
         Box of beasts     |       |       |       |       |     1 |     1 |     1 |     3 |       ||     6
         Condenser vane    |       |       |       |       |       |     1 |     3 |     4 |     1 ||     9
    Use: Scroll            |     1 |       |     3 |     9 |     8 |     7 |     7 |    21 |     3 ||    59
         Potion            |       |       |       |       |       |     5 |     3 |     5 |     5 ||    18
   Stab: Sleeping          |       |     1 |       |       |       |       |       |       |       ||     1
         Paralysed         |       |       |       |       |     2 |     1 |       |       |       ||     3
         Distracted        |       |       |       |       |       |     1 |     1 |     1 |       ||     3
 Armour: Animal skin       |    16 |    14 |       |       |       |       |       |       |       ||    30
         Chain mail        |       |       |   118 |    13 |       |       |       |       |       ||   131
         Plate armour      |       |       |       |   293 |   590 |   669 |   751 |   127 |       ||  2430
         Gold dragon scale |       |       |       |       |       |       |       |   690 |   141 ||   831
  Dodge: Dodged            |    60 |    22 |    89 |   258 |   354 |   471 |   657 |   755 |   121 ||  2787
  Block: Buckler           |     2 |     5 |    27 |     6 |       |       |       |       |       ||    40

Levels and vault maps discovered:
D:1:      lightli_arrival_statue_moat, layout_basic
D:2:      layout_loops_ring, basic_altar
D:3:      layout_loops_ring, mainiacjoe_overflow_catwalk, marbit_many_paths,
          hellmonk_ecumenical_altar_leap_of_faith, serial_shops, shop, shop,
          lightli_corner_chamber, uniq_ijyb, uniq_sigmund, uniq_robin
D:4:      layout_basic, amcnicky_altar_gilded, gammafunk_ghost_nasty_kobolds,
          uniq_edmund, uniq_grinder
D:5:      layout_basic, lemuel_coloured_pillars_altar, serial_shops,
          nicolae_shop_back_alley_shop, nicolae_shop_waterfront,
          nicolae_shop_pleasant_corner_grove
D:6:      layout_loops_ring, minmay_temple_entry_butterflies,
          minmay_misc_feat_four_crosses, uniq_pikel, uniq_crazy_yiuf_cottage,
          uniq_menkaure
D:7:      lemuel_castle_with_subvaults [lemuel_castle_interior_carwin_2],
          layout_cave_pools, enter_ossuary_2,
          minmay_a_box_with_orc_wizards_in_it
D:8:      layout_cave_pools, nicolae_wu_jian_wuxing_cycle, enter_bailey_8,
          corner_web_ring, minivault_19, fountainhead, roderic_batcave,
          nicolae_island_escapes
D:9:      layout_gridville, bloody_trog, grunt_temple_overflow_diamond,
          serial_shops, nicolae_take_the_stairs
D:10:     layout_basic, grunt_temple_overflow_magic_moments,
          nicolae_qazlal_scattered_showers, gammafunk_ghost_split,
          serial_bayou_pond_e
D:11:     layout_stronghold, minmay_lair_entry_grove,
          small_chamber_with_monster, minmay_the_grid_2x2
          [minmay_the_grid_tri_star, minmay_the_grid_spin_star,
          minmay_the_grid_spikes, minmay_the_grid_prize_shrinking_boxes],
          uniq_amaemon
D:12:     lemuel_flame_loot_2, layout_basic, hiddenorc1_lemuel
D:13:     layout_basic, ximxim_vaults_locker_room
D:14:     layout_basic, portal_ice_cave_entry_pillars_three,
          minmay_misc_feat_cross
D:15:     grunt_enter_depths_magical_seal, layout_layer_cave, uniq_azrael
Lair:1:   layout_regular_city, enter_volcano_3, uniq_prince_ribbit2
Lair:2:   dreamdust_isle_of_ice, layout_gridlike, spider_nest_entry_web_field,
          maelrawn_ghost_gauntlet_escape, uniq_urug, uniq_maggie
Lair:3:   layout_cave_pods, nicolae_swamp_entry_spooky, uniq_rupert
Lair:4:   layout_loops_ring, nicolae_lair_grove_arrangements, st_stairs_7,
          hangedman_tree_tricks, chequers_serial_rivers_micro_a,
          chequers_serial_rivers_room_b
Lair:5:   gammafunk_lair_ancient_temple, layout_cave_pods,
          minmay_slime_entry_jelly_boxes, uniq_nessos, uniq_sonja
Swamp:1:  layout_basic_swamp, nicolae_swamp_oxbows, infiniplex_staircase_pool
Swamp:2:  layout_basic_swamp, evilmike_swamp_ruin_house_3, uniq_nikola
Swamp:3:  layout_basic_swamp, evilmike_swamp_ruin_house_2, swamp_pool1
Swamp:4:  swamp_alternative, layout_basic_swamp, swamp_pool5
Spider:1: layout_spider_delve
Spider:2: layout_chambers, uniq_arachne
Spider:3: layout_spider_delve, uniq_bai_suzhen, uniq_donald
Spider:4: hellmonk_spider_rune_bug_friends, nicolae_spider_checkerboard
Slime:1:  layout_caves
Slime:2:  layout_caves
Slime:3:  layout_caves
Slime:4:  cheibrodos_slime_lost_civilization_10, layout_caves
Slime:5
Orc:1:    layout_caves, serial_shops, shop
Orc:2:    st_orc_town, layout_diamond_mine, basic_altar, mines2_david
Elf:1:    eino_elf_arrival_the_gate, layout_loops_ring,
          ebering_ghost_reflecting_pool, serial_shops, nicolae_lakefront_shop,
          minmay_elf_demonology, uniq_jorgrun, uniq_frances
Elf:2:    elven_hall_of_blades_hangedman_original
          [nicolae_blade_entry_diamond_columns], layout_geoelf_octagon,
          serial_shops, shop, nicolae_shop_back_alley_shop, nicolae_square_shop,
          shop, shop
Vaults:1: hangedman_vaults_pinch, v_alt_pattern_5,
          nicolae_vaults_offset_grid_hallway_1, nicolae_vaults_lightning_bolt,
          nicolae_vaults_closet_pinwheel_6, nicolae_vaults_double_plus_1,
          nicolae_vaults_surprise_closet, nicolae_vaults_variable_pillar_hall,
          ontoclasm_vaults_ligature, vaults_dpeg_emergency_exit,
          layout_vaults_chaotic_city, serial_shops,
          nicolae_shop_industrial_runoff
Vaults:2: grunt_vaults_diagonal, vaults_dpeg_doors,
          nicolae_vaults_tetromino_L_2, v_misc_31, ontoclasm_vaults_pinch,
          ontoclasm_vaults_shout, nicolae_vaults_layer_cake_slice,
          nicolae_vaults_big_ls, nicolae_vaults_trapezoid_lopsided_2,
          nicolae_vaults_trapezoid_lopsided_1, nicolae_vaults_closet_pinwheel_4,
          nicolae_vaults_triangles, hangedman_vaults_cutoff,
          nicolae_vaults_tangram_1, v_pattern_5, vaults_room_door_ring,
          layout_vaults_maze
Vaults:3: minmay_crypt_entry_necro_gods, hangedman_vaults_nodes,
          nicolae_vaults_storage_closets_2, nicolae_vaults_storage_closets_3,
          vaults_room_large_hall, v_rooms_3, v_misc_27,
          nicolae_vaults_network_barrier, v_alt_pattern_4,
          nicolae_vaults_asterisk, nicolae_vaults_little_squares_3,
          vaults_room_stairs_pillars, nicolae_vaults_little_squares_4,
          layout_vaults_omnigrid
Vaults:4: gammafunk_ghost_cemetery, ontoclasm_vaults_gateway, st_lattice,
          hangedman_vaults_locks, v_misc_26,
          nicolae_vaults_offset_grid_hallway_3, ontoclasm_vaults_twist,
          v_misc_3, grunt_vaults_bifocal, vaults_room_hallway,
          nicolae_vaults_spaceships, hangedman_vaults_capsules,
          nicolae_vaults_mini_display_case, v_misc_19, layout_vaults_omnibox,
          serial_shops, freezing_bzr, uniq_margery, uniq_mara
Depths:1: layout_gridlike, grunt_gozag_breadcrumbs, grunt_hell_entry_dis_old,
          doesnt_xom_only_xom, grunt_megastairs_3, minmay_shop_grove,
          serial_bayou_shore_b
Depths:2: minmay_four_inscribed_fans, layout_gridlike, enter_ziggurat_e,
          serial_shops, kennysheep_mini, minmay_misc_feat_square,
          lightli_too_deep, grunt_pan_entry_zigzag, elyvilon_altar_4
Depths:3: minmay_bloctagon, layout_cave_shapes, hellmouth_3, mu_enter_wizlab_4,
          abyss_entry, minmay_misc_feat_doors, pan_entry
Depths:4: grunt_x_marks_the_spot, layout_gridlike, pf_hell_entry_tar_river,
          old_standard_altar
Zot:1:    gammafunk_its_a_trap, layout_concentric_octagons
Zot:2:    layout_onion_interference, uniq_tiamat, uniq_josephina
Zot:3:    layout_basic, uniq_grunn
Zot:4:    layout_basic
Zot:5:    layout_misc_corridors

Notes
Turn   | Place    | Note
-------+----------+-------------------------------------------
     0 | D:1      | Kenran the Minotaur Berserker began the quest for the Orb.
     0 | D:1      | Reached XP level 1. HP: 19/19 MP: 0/0
     0 | D:1      | magus.rc [v1.11.6]
    87 | D:1      | Reached skill level 4 in Fighting
    87 | D:1      | Reached skill level 4 in Axes
    87 | D:1      | Reached XP level 2. HP: 14/27 MP: 1/1
   471 | D:1      | You add the spells Freeze, Frozen Ramparts and Hailstorm to
                  | your library.
   504 | D:1      | Reached ** piety under Trog
   505 | D:1      | Reached XP level 3. HP: 30/34 MP: 2/2
   898 | D:2      | Found a blossoming altar of Fedhas.
  1019 | D:2      | You add the spells Volatile Blastmotes, Fulminant Prism,
                  | Iskenderun's Mystic Blast and Lee's Rapid Deconstruction to
                  | your library.
  1553 | D:3      | Found a sacrificial altar of Ru.
  1590 | D:3      | Noticed Ijyb
  1596 | D:3      | Killed Ijyb
  1597 | D:3      | Reached skill level 5 in Fighting
  1597 | D:3      | Reached skill level 5 in Axes
  1597 | D:3      | Reached XP level 4. HP: 34/42 MP: 3/3
  1690 | D:3      | Reached *** piety under Trog
  1695 | D:3      | Noticed an ogre
  1851 | D:3      | Reached skill level 6 in Axes
  1897 | D:3      | Reached XP level 5. HP: 46/48 MP: 4/4
  1982 | D:3      | Found Zarching's Antique Weapon Shoppe.
  2056 | D:3      | Noticed Robin
  2067 | D:3      | Killed Robin
  2117 | D:3      | Noticed Sigmund
  2132 | D:3      | Killed Sigmund
  2133 | D:3      | Reached skill level 7 in Axes
  2133 | D:3      | Reached XP level 6. HP: 56/56 MP: 5/5
  2206 | D:3      | Found Vivith's Jewellery Shoppe.
  2220 | D:3      | Found a faded altar of an unknown god.
  2419 | D:3      | Found a glowing golden altar of the Shining One.
  2439 | D:4      | Noticed Grinder
  2452 | D:3      | Reached skill level 8 in Axes
  2515 | D:4      | Paralysed by Grinder for 4 turns
  2529 | D:4      | Killed Grinder
  2530 | D:4      | Reached skill level 9 in Axes
  2530 | D:4      | Reached XP level 7. HP: 38/61 MP: 6/6
  2634 | D:4      | Noticed Edmund
  2645 | D:4      | Killed Edmund
  2808 | D:4      | Found a basalt altar of Yredelemnul.
  2958 | D:4      | Reached skill level 10 in Axes
  3046 | D:4      | Found a runed translucent gate.
  3046 | D:4      | Found a runed translucent gate.
  3046 | D:4      | Found a runed translucent gate.
  3048 | D:4      | Noticed vereth's ghost (amateur DsBe)
  3172 | D:4      | Killed vereth's ghost
  3173 | D:4      | Reached skill level 11 in Axes
  3173 | D:4      | Reached XP level 8. HP: 68/68 MP: 7/7
  3222 | D:5      | Entered Level 5 of the Dungeon
  3581 | D:5      | Reached skill level 12 in Axes
  3623 | D:5      | Reached skill level 3 in Armour
  3804 | D:5      | Found Zatyfir's Book Boutique.
  3863 | D:5      | Found a glowing silver altar of Zin.
  4130 | D:5      | Reached skill level 6 in Fighting
  4130 | D:5      | Reached skill level 4 in Armour
  4196 | D:5      | Found Lezumyn's Magic Scroll Emporium.
  4322 | D:5      | Found Rucsui Boeth's Distillery.
  4515 | D:6      | Reached skill level 7 in Fighting
  4520 | D:6      | Noticed Pikel
  4528 | D:6      | Reached **** piety under Trog
  4538 | D:6      | Killed Pikel
  4539 | D:6      | Reached skill level 8 in Fighting
  4539 | D:6      | Reached XP level 9. HP: 69/82 MP: 8/8
  4609 | D:6      | Reached skill level 5 in Armour
  4724 | D:6      | Noticed Menkaure
  4735 | D:6      | Killed Menkaure
  4736 | D:6      | Reached skill level 9 in Fighting
  4805 | D:6      | Found a staircase to the Ecumenical Temple.
  5130 | D:6      | Found a runed translucent door.
  5131 | D:6      | Noticed Crazy Yiuf
  5175 | D:7      | Reached skill level 6 in Armour
  5236 | D:7      | Found a sand-covered staircase.
  5264 | Ossuary  | Entered an ossuary
  5272 | Ossuary  | Reached skill level 10 in Fighting
  5572 | D:6      | Reached skill level 7 in Armour
  5846 | D:7      | Reached XP level 10. HP: 67/94 MP: 9/9
  6001 | D:7      | Reached skill level 11 in Fighting
  6073 | D:7      | You add the spells Magic Dart and Searing Ray to your
                  | library.
  6310 | D:3      | Bought a runed battleaxe for 218 gold pieces
  6422 | D:7      | Reached ***** piety under Trog
  6436 | D:7      | Reached skill level 13 in Axes
  6436 | D:7      | Reached skill level 8 in Armour
  6959 | D:8      | Reached skill level 9 in Armour
  6963 | D:8      | Reached skill level 12 in Fighting
  7025 | D:8      | Found Diasiber's Island Escapes.
  7071 | D:8      | Found a flagged portal.
  7149 | Bailey   | Entered a bailey
  7177 | Bailey   | Reached skill level 14 in Axes
  7332 | Bailey   | Reached skill level 10 in Armour
  7334 | Bailey   | Received a gift from Trog
  7335 | Bailey   | Reached XP level 11. HP: 66/104 MP: 10/10
  7342 | Bailey   | q - a +0 antimagic executioner's axe {rare}
  7387 | Bailey   | Found the +0 mask of the Dragon {Will+ Slay+3 SInv}
  7541 | D:8      | magus.rc [v1.11.6]
  7629 | D:8      | Noticed a two-headed ogre
  7640 | D:8      | Killed a two-headed ogre
  7865 | D:8      | You add the spells Anguish, Cause Fear and Enfeeble to your
                  | library.
  7877 | D:8      | Reached skill level 15 in Axes
  8039 | D:8      | Found an ornate altar of the Wu Jian Council.
  8501 | D:9      | Found a bloodstained altar of Trog.
  8554 | D:9      | Reached skill level 16 in Axes
  8676 | D:9      | You add the spells Call Imp and Mephitic Cloud to your
                  | library.
  8762 | D:9      | Found a hazy altar of Hepliaklqana.
  8766 | D:9      | Found a broken altar of Ashenzari.
  8769 | D:9      | Found a blossoming altar of Fedhas.
  8868 | D:9      | Found Xoshit's Book Boutique.
  8987 | D:10     | Entered Level 10 of the Dungeon
  9230 | D:10     | You add the spells Ozocubu's Armour, Metabolic Englaciation
                  | and Simulacrum to your library.
  9242 | D:10     | Found a stormy altar of Qazlal.
  9251 | D:10     | Reached skill level 1 in Evocations
  9288 | D:10     | Found a runed translucent gate.
  9288 | D:10     | Found a runed translucent gate.
  9288 | D:10     | Noticed a death knight
  9289 | D:10     | Found a runed translucent gate.
  9289 | D:10     | Noticed an ogre mage
  9291 | D:10     | Noticed ozzols's ghost (journeyman MiBe)
  9314 | D:10     | Reached skill level 2 in Evocations
  9647 | D:10     | Found a shimmering blue altar of Sif Muna.
  9647 | D:10     | Found an ancient bone altar of Kikubaaqudgha.
  9649 | D:10     | Found a radiant altar of Vehumet.
  9654 | D:10     | You add the spell Apportation to your library.
  9654 | D:10     | Got Sif Muna's Cyclopedia of Coordinates {forbidden}
  9729 | D:10     | Received a gift from Trog
 10018 | D:11     | Reached skill level 3 in Evocations
 10032 | D:11     | Found the ring of the Tortoise {AC+8}
 10079 | D:11     | Noticed a boulder beetle
 10085 | D:11     | Killed a boulder beetle
 10121 | D:11     | Reached skill level 11 in Armour
 10203 | D:11     | Noticed a five-headed hydra
 10206 | D:11     | Noticed an orc sorcerer
 10210 | D:11     | Killed a five-headed hydra
 10213 | D:11     | Killed an orc sorcerer
 10214 | D:11     | Reached skill level 13 in Fighting
 10214 | D:11     | Reached XP level 12. HP: 115/115 MP: 11/11
 10298 | D:11     | Noticed Amaemon
 10304 | D:11     | Killed Amaemon
 10305 | D:11     | Reached skill level 4 in Evocations
 10362 | D:11     | Found a staircase to the Lair.
 10431 | D:11     | Noticed a boulder beetle
 10436 | D:11     | Killed a boulder beetle
 10699 | D:11     | Noticed a boulder beetle
 10702 | D:11     | Killed a boulder beetle
 10702 | D:11     | Noticed a centaur warrior
 10703 | D:11     | Reached skill level 12 in Armour
 10703 | D:11     | Reached skill level 5 in Evocations
 10703 | D:11     | Noticed a seven-headed hydra
 10711 | D:11     | HP: 41/174 [eight-headed hydra (8)]
 10713 | D:11     | HP: 20/174 [eight-headed hydra (6)]
 10714 | D:11     | Killed an eight-headed hydra
 10715 | D:11     | Reached skill level 14 in Fighting
 10718 | D:11     | Killed a centaur warrior
 10807 | D:11     | Identified the staff of fire "Ovump" {rElec rF+ rC+}
 10807 | D:11     | Identified the ring "Feexzi" {Fire Int+2}
 10807 | D:11     | Identified the staff of cold "Keaziss" {rPois rC+ SInv}
 10947 | Lair:1   | Entered Level 1 of the Lair of Beasts
 10961 | Lair:1   | Noticed Prince Ribbit
 10966 | Lair:1   | Killed Prince Ribbit
 10971 | Lair:1   | Reached skill level 15 in Fighting
 11166 | Lair:1   | Received a gift from Trog
 11344 | Lair:1   | Found a dark tunnel.
 11355 | Volcano  | Entered a volcano
 11382 | Volcano  | Reached skill level 17 in Axes
 11465 | Volcano  | Reached XP level 13. HP: 109/127 MP: 12/12
 11470 | Volcano  | Found a burning altar of Makhleb.
 11999 | Lair:1   | Reached skill level 18 in Axes
 12124 | Lair:2   | Found a runed translucent gate.
 12124 | Lair:2   | Found a runed translucent gate.
 12124 | Lair:2   | Found a runed translucent gate.
 12125 | Lair:2   | Noticed a minotaur
 12126 | Lair:2   | Noticed jehirs's ghost (journeyman DrCK)
 12157 | Lair:2   | Noticed Maggie
 12164 | Lair:2   | Killed Maggie
 12199 | Lair:2   | Reached skill level 3 in Dodging
 12201 | Lair:2   | Noticed Urug
 12222 | Lair:2   | Killed Urug
 12369 | Lair:2   | Reached skill level 4 in Dodging
 12428 | Lair:2   | You add the spells Ozocubu's Refrigeration and Polar Vortex
                  | to your library.
 12435 | Lair:2   | Identified a scroll of acquirement
 12436 | Lair:2   | Acquired 669 gold pieces
 12648 | D:5      | Bought a manual of Axes for 880 gold pieces
 12797 | Lair:2   | Found a hole to the Spider Nest.
 13238 | Lair:3   | Reached skill level 5 in Dodging
 13243 | Lair:3   | Reached skill level 16 in Fighting
 13244 | Lair:3   | Received a gift from Trog
 13246 | Lair:3   | Reached skill level 13 in Armour
 13270 | Lair:3   | Found a staircase to the Swamp.
 13375 | Lair:3   | Reached skill level 6 in Dodging
 13440 | Lair:3   | Noticed Rupert
 13446 | Lair:3   | Paralysed by Rupert for 4 turns
 13452 | Lair:3   | Killed Rupert
 13584 | Lair:3   | Reached skill level 19 in Axes
 13885 | Lair:3   | Reached XP level 14. HP: 138/138 MP: 13/13
 14402 | Lair:4   | Reached ****** piety under Trog
 14546 | Lair:4   | Reached skill level 14 in Armour
 14904 | Lair:4   | Found a blossoming altar of Fedhas.
 14957 | Lair:5   | Entered Level 5 of the Lair of Beasts
 14969 | Lair:5   | Received a gift from Trog
 14971 | Lair:5   | Noticed Sonja
 14977 | Lair:5   | Killed Sonja
 14978 | Lair:5   | Reached skill level 17 in Fighting
 15006 | Lair:5   | Found a staircase to the Slime Pits.
 15024 | Lair:5   | Reached skill level 20 in Axes
 15283 | Lair:5   | Noticed Nessos
 15287 | Lair:5   | Killed Nessos
 15288 | Lair:5   | Reached skill level 21 in Axes
 15409 | Lair:5   | Identified the +8 mace "Spiderslayer" {venom, Fragile Int+4
                  | Dex+2}
 15414 | Lair:5   | You add the spells Kiss of Death, Confusing Touch and
                  | Dispel Undead to your library.
 15477 | Lair:5   | Reached skill level 18 in Fighting
 15724 | Lair:5   | Received a gift from Trog
 15763 | Lair:5   | Reached skill level 22 in Axes
 16125 | D:12     | Found a staircase to the Orcish Mines.
 16759 | D:13     | Reached skill level 7 in Dodging
 16942 | D:13     | Reached XP level 15. HP: 110/149 MP: 14/14
 17011 | D:13     | Found a gate to the Vaults.
 17291 | D:13     | Received a gift from Trog
 17840 | D:14     | Reached skill level 15 in Armour
 17840 | D:14     | Reached skill level 8 in Dodging
 18149 | D:14     | Found a frozen archway.
 18154 | IceCv    | Entered an ice cave
 18165 | IceCv    | HP: 51/223 [caustic shrike simulacrum (15)]
 18509 | D:15     | Entered Level 15 of the Dungeon
 18618 | D:15     | Noticed Azrael
 18623 | D:15     | Reached skill level 9 in Dodging
 18627 | D:15     | Killed Azrael
 18704 | D:15     | Reached skill level 16 in Armour
 18890 | D:15     | Reached skill level 10 in Dodging
 18910 | D:15     | Found a staircase to the Depths.
 18964 | D:15     | You add the spells Borgnjor's Revivification, Necromutation
                  | and Death's Door to your library.
 19942 | Orc:1    | Entered Level 1 of the Orcish Mines
 19943 | Orc:1    | magus.rc [v1.11.6]
 19957 | Orc:1    | Received a gift from Trog
 19962 | Orc:1    | Reached skill level 23 in Axes
 19973 | Orc:1    | Found Lirusch's General Store.
 20056 | Orc:1    | Bought a potion of curing for 39 gold pieces
 20285 | Orc:2    | Entered Level 2 of the Orcish Mines
 20292 | Orc:2    | Found a staircase to the Elven Halls.
 20944 | Orc:2    | Found Ziotoock's Assorted Antiques.
 20944 | Orc:2    | Found Suutsa's Magic Scroll Boutique.
 20965 | Orc:2    | Bought a scroll of teleportation for 36 gold pieces
 20965 | Orc:2    | Bought a scroll of teleportation for 36 gold pieces
 20965 | Orc:2    | Bought a scroll of magic mapping for 90 gold pieces
 20974 | Orc:2    | Bought a fizzy yellow potion for 27 gold pieces
 21150 | Orc:2    | Found Uphec's Antique Armour Emporium.
 21178 | Orc:2    | Found Yxtu's Book Boutique.
 21336 | Orc:1    | Bought a manual of Armour for 1040 gold pieces
 21506 | D:8      | Bought a scroll of blinking for 90 gold pieces
 21582 | D:5      | Bought a scroll of enchant armour for 105 gold pieces
 22002 | D:3      | Bought a ring of poison resistance for 240 gold pieces
 22517 | D:5      | Bought a potion of resistance for 110 gold pieces
 22517 | D:5      | Bought a potion of heal wounds for 55 gold pieces
 22517 | D:5      | Bought a potion of berserk rage for 55 gold pieces
 22517 | D:5      | Bought a potion of heal wounds for 55 gold pieces
 22699 | Spider:1 | Entered Level 1 of the Spider Nest
 22715 | Spider:1 | Received a gift from Trog
 22779 | Spider:1 | Identified the +2 war axe of Integrity {heavy, Int+7 Dex+4}
 22983 | Spider:1 | Reached XP level 16. HP: 110/157 MP: 15/15
 23154 | Spider:1 | Reached skill level 24 in Axes
 23218 | Spider:1 | Reached skill level 17 in Armour
 23348 | Spider:1 | Reached skill level 11 in Dodging
 23742 | Spider:2 | Noticed Arachne
 23752 | Spider:2 | Received a gift from Trog
 23763 | Spider:2 | Killed Arachne
 23764 | Spider:2 | Reached skill level 18 in Armour
 24036 | Spider:2 | You add the spells Shock, Swiftness and Airstrike to your
                  | library.
 24106 | Spider:2 | Reached skill level 12 in Dodging
 24560 | Spider:2 | Reached skill level 19 in Armour
 24934 | Spider:2 | You add the spells Static Discharge and Summon Lightning
                  | Spire to your library.
 25226 | Spider:3 | Reached skill level 20 in Armour
 25250 | Spider:3 | Noticed Donald
 25252 | Spider:3 | Noticed Bai Suzhen
 25473 | Spider:3 | Received a gift from Trog
 25474 | Spider:3 | Reached skill level 6 in Evocations
 25490 | Spider:3 | Killed Donald
 25494 | Spider:3 | L - a +2 heavy triple sword {rare}
 25495 | Spider:3 | You drop a +2 heavy triple sword {rare}.
 25519 | Spider:3 | Killed Bai Suzhen
 25520 | Spider:3 | Reached skill level 7 in Evocations
 25776 | Spider:3 | Reached skill level 8 in Evocations
 25776 | Spider:3 | HP: 38/157 [disintegration (42)]
 26292 | Swamp:1  | Entered Level 1 of the Swamp
 26405 | Swamp:1  | Reached XP level 17. HP: 162/163 MP: 16/16
 26419 | Swamp:1  | Reached skill level 9 in Evocations
 27002 | Swamp:2  | Reached skill level 10 in Evocations
 27050 | Swamp:2  | Noticed Nikola
 27064 | Swamp:2  | Killed Nikola
 27157 | Swamp:2  | Received a gift from Trog
 27226 | Swamp:2  | Reached skill level 21 in Armour
 27596 | Swamp:2  | You are sucked into a shaft and drop 1 floor!
 27651 | Swamp:3  | Identified a potion of experience
 27652 | Swamp:3  | Reached skill level 22 in Armour
 27652 | Swamp:3  | Reached XP level 18. HP: 172/172 MP: 17/17
 27766 | Swamp:3  | You add the spells Passwall and Ensorcelled Hibernation to
                  | your library.
 28293 | Swamp:4  | Entered Level 4 of the Swamp
 28336 | Swamp:4  | Identified the +5 dagger "Sioxokk" {heavy, Drain +Blink
                  | rElec rC-}
 28373 | Swamp:4  | Reached skill level 19 in Fighting
 28610 | Swamp:4  | Received a gift from Trog
 28682 | Swamp:4  | Reached skill level 20 in Fighting
 28712 | Swamp:4  | Got a decaying rune of Zot
 29013 | Swamp:4  | Identified the +0 leather armour "Wucebbia" {rC+ Str+2}
 29309 | Spider:4 | Entered Level 4 of the Spider Nest
 29352 | Spider:3 | Reached skill level 13 in Dodging
 29387 | Spider:3 | HP: 42/178 [poisoned by a wolf spider]
 29392 | Spider:3 | HP: 33/178 [poisoned by a wolf spider]
 29530 | Spider:4 | Received a gift from Trog
 29534 | Spider:4 | L - a +3 heavy executioner's axe {rare}
 29535 | Spider:4 | You drop a +3 heavy executioner's axe {rare}.
 29736 | Spider:4 | Reached skill level 14 in Dodging
 29736 | Spider:4 | Reached XP level 19. HP: 154/185 MP: 18/18
 29972 | Spider:4 | Reached skill level 15 in Dodging
 30256 | Spider:4 | Got a gossamer rune of Zot
 30656 | Vaults:1 | Entered Level 1 of the Vaults
 30686 | Vaults:1 | Reached skill level 23 in Armour
 30837 | Vaults:1 | Received a gift from Trog
 31325 | Vaults:1 | Found Seush's Distillery.
 31333 | Vaults:1 | Bought a potion of heal wounds for 75 gold pieces
 31333 | Vaults:1 | Bought a potion of heal wounds for 75 gold pieces
 31333 | Vaults:1 | Bought a potion of haste for 150 gold pieces
 31675 | Vaults:1 | Found the +3 robe of Clouds {*Thunder rCloud rElec}
 31708 | Vaults:1 | Reached skill level 24 in Armour
 32650 | Vaults:2 | Received a gift from Trog
 32744 | Vaults:2 | Reached skill level 11 in Evocations
 32981 | Vaults:2 | Reached XP level 20. HP: 195/195 MP: 19/19
 32998 | Vaults:2 | Reached skill level 16 in Dodging
 33341 | Vaults:2 | Reached skill level 21 in Fighting
 33378 | Vaults:2 | Identified the +2 battleaxe of Dim Light {flame, *Rage rC+
                  | Dex+7 Stlth+} (Trog gifted it to you on level 2 of the
                  | Vaults)
 33378 | Vaults:2 | Received a gift from Trog
 33524 | Vaults:2 | q - a +0 antimagic executioner's axe (weapon) {rare}
 33525 | Vaults:2 | Your damage rating with your +0 antimagic executioner's axe
                  | {rare} is about 57 (Base 18 x 150% (Str) x 200% (Skill) + 3
                  | (Slay)).
 33542 | Vaults:2 | Acquired the +7 executioner's axe of Defiance {freeze, rN++
                  | Dex+4}
 33545 | Vaults:2 | D - the +7 executioner's axe of Defiance {freeze, rN++
                  | Dex+4, rare}
 33547 | Vaults:2 | the +7 executioner's axe of Defiance {freeze, rN++ Dex+4,
                  | rare} glows with a cold blue light!
 33547 | Vaults:2 | D - the +7 executioner's axe of Defiance (weapon) {freeze,
                  | rN++ Dex+4, rare}
 33548 | Vaults:2 | Your damage rating with the +7 executioner's axe of
                  | Defiance {freeze, rN++ Dex+4, rare} is about 64 (Base 18 x
                  | 150% (Str) x 200% (Skill) + 10 (Ench + Slay)).
 33986 | Vaults:3 | Reached skill level 12 in Evocations
 34259 | Vaults:3 | You add the spells Call Canine Familiar, Portal Projectile
                  | and Leda's Liquefaction to your library.
 34267 | Vaults:3 | Reached skill level 17 in Dodging
 34332 | Vaults:3 | Received a gift from Trog
 34503 | Vaults:3 | Found a staircase to the Crypt.
 34503 | Vaults:3 | Found an ancient bone altar of Kikubaaqudgha.
 34503 | Vaults:3 | Found a basalt altar of Yredelemnul.
 34978 | Vaults:4 | Reached skill level 22 in Fighting
 35139 | Vaults:4 | Found a flickering gateway to a bazaar.
 35149 | Bazaar   | Entered a bazaar
 35153 | Bazaar   | Found Wueqoucu's Armour Boutique.
 35175 | Bazaar   | Found Kowki's Distillery.
 35196 | Bazaar   | Found Vianaucw's Book Boutique.
 35216 | Bazaar   | Found Avurou's Distillery.
 35258 | Bazaar   | Bought a potion of might for 40 gold pieces
 35258 | Bazaar   | Bought 2 potions of resistance for 200 gold pieces
 35258 | Bazaar   | Bought a potion of resistance for 100 gold pieces
 35288 | Bazaar   | Bought a potion of heal wounds for 70 gold pieces
 35288 | Bazaar   | Bought a potion of might for 56 gold pieces
 35324 | Vaults:4 | You add the spells Summon Forest, Summon Mana Viper and
                  | Summon Cactus Giant to your library.
 35624 | Vaults:4 | You add the spells Dragon Form and Dragon's Call to your
                  | library.
 35722 | Vaults:4 | Reached skill level 18 in Dodging
 35744 | Vaults:4 | You add the spells Dazzling Flash and Starburst to your
                  | library.
 35864 | Vaults:4 | Noticed Mara
 35875 | Vaults:4 | Killed Mara
 35957 | Vaults:4 | Reached skill level 13 in Evocations
 35957 | Vaults:4 | Received a gift from Trog
 36054 | Vaults:4 | Found a runed translucent gate.
 36054 | Vaults:4 | Found a runed translucent gate.
 36054 | Vaults:4 | Found a runed translucent gate.
 36055 | Vaults:4 | Noticed rgbqcd's ghost (veteran MiBe)
 36055 | Vaults:4 | Noticed Moagi's ghost (adept GnSk)
 36135 | Vaults:4 | Killed rgbqcd's ghost
 36136 | Vaults:4 | Reached XP level 21. HP: 200/207 MP: 20/20
 36139 | Vaults:4 | Killed Moagi's ghost
 36148 | Vaults:4 | Identified the +1 pair of gloves "Kicatel" {+Inv Regen+}
 36553 | Depths:1 | Entered Level 1 of the Depths
 36661 | Depths:1 | Found a gateway to Hell.
 36666 | Depths:1 | Reached skill level 14 in Evocations
 36902 | Depths:1 | Found an opulent altar of Gozag.
 37133 | Depths:1 | Received a gift from Trog
 37556 | Depths:1 | Found a glowing silver altar of Zin.
 37558 | Depths:1 | Found a shimmering altar of Xom.
 37558 | Depths:1 | Found a sparkling altar of Nemelex Xobeh.
 37577 | Depths:1 | Found a shimmering altar of Xom.
 37577 | Depths:1 | Found an iron altar of Okawaru.
 37577 | Depths:1 | Found a snail-covered altar of Cheibriados.
 37600 | Depths:1 | You are sucked into a shaft and drop 1 floor!
 37613 | Depths:2 | Reached skill level 15 in Evocations
 37624 | Depths:2 | HP: 48/207 [spark wasp (4)]
 37628 | Depths:2 | Noticed a caustic shrike
 37637 | Depths:2 | Noticed a golden dragon
 37719 | Depths:2 | Found a one-way gateway to a ziggurat.
 37738 | Depths:2 | Found Ossoitoa's Book Boutique.
 37860 | Depths:2 | Killed a golden dragon
 38008 | Depths:2 | You add the spells Sublimation of Blood, Wereblood and
                  | Summon Hydra to your library.
 38101 | Depths:2 | You add the spells Iskenderun's Battlesphere, Fireball,
                  | Conjure Ball Lightning and Orb of Destruction to your
                  | library.
 38113 | Depths:2 | Identified the +4 morningstar "Toamp" {heavy, Dex+3}
 38128 | Depths:2 | Reached skill level 23 in Fighting
 38187 | Depths:2 | Noticed a juggernaut
 38201 | Depths:2 | Killed a juggernaut
 38201 | Depths:2 | Noticed a caustic shrike
 38208 | Depths:2 | Killed a caustic shrike
 38217 | Depths:2 | Cleave: D) +7 executioner's axe of Defiance {freeze, rN++
                  | Dex+4, rare}
 38217 | Depths:2 | Cleave: D) +7 executioner's axe of Defiance {freeze, rN++
                  | Dex+4, rare}
 38235 | Depths:2 | Identified the +1 battleaxe of Free Expression {antimagic,
                  | Fly} (Trog gifted it to you on level 2 of the Depths)
 38235 | Depths:2 | Received a gift from Trog
 38250 | Depths:2 | Paralysed by a floating eye for 4 turns
 38394 | Depths:2 | Identified the ring "Kuetoulo" {AC+4 Dex+3}
 38443 | Depths:2 | Found a one-way gate leading to the halls of Pandemonium.
 38542 | Depths:2 | Killed a caustic shrike
 38543 | Depths:2 | Reached skill level 24 in Fighting
 38629 | Depths:2 | You add the spells Irradiate and Blade Hands to your
                  | library.
 38690 | Depths:2 | Found a white marble altar of Elyvilon.
 38764 | Depths:2 | Identified a +0 crystal plate armour
 39039 | Depths:3 | Found a one-way gate to the infinite horrors of the Abyss.
 39060 | Depths:3 | Noticed a golden dragon
 39209 | Depths:3 | Reached XP level 22. HP: 220/222 MP: 21/21
 39217 | Depths:3 | Found a magical portal.
 39237 | WizLab   | Entered Iskenderun's Mystic Tower
 39503 | WizLab   | Received a gift from Trog
 39940 | WizLab   | Identified a +0 robe of the Archmagi
 39941 | WizLab   | You add the spells Manifold Assault, Dispersal and
                  | Disjunction to your library.
 39958 | WizLab   | You add the spell Spellforged Servitor to your library.
 39958 | WizLab   | Got Iskenderun's Atlas of Blasts {forbidden}
 39958 | WizLab   | You add the spell Foxfire to your library.
 39958 | WizLab   | Got Iskenderun's Compendium of Wounds {forbidden}
 39958 | WizLab   | You add the spells Lesser Beckoning, Gell's Gravitas and
                  | Teleport Other to your library.
 39972 | WizLab   | You add the spells Cigotuvi's Dreadful Rot and Death
                  | Channel to your library.
 39972 | WizLab   | You add the spells Storm Form and Maxwell's Capacitive
                  | Coupling to your library.
 40056 | Depths:3 | Reached skill level 19 in Dodging
 40148 | Depths:3 | Reached skill level 16 in Evocations
 40272 | Depths:3 | Noticed a caustic shrike
 40283 | Depths:3 | Killed a caustic shrike
 40412 | Depths:3 | Killed a golden dragon
 40412 | Depths:3 | Received a gift from Trog
 40412 | Depths:3 | Identified +0 gold dragon scales
 40897 | Depths:3 | N - +0 gold dragon scales {rare}
 40910 | Depths:3 | You finish putting on your +0 gold dragon scales {rare}.
 40910 | Depths:3 | your +0 gold dragon scales {rare} glow green for a moment.
 40921 | Depths:4 | Entered Level 4 of the Depths
 40940 | Depths:4 | a +7 quick blade of venom {rare}; a +0 robe; a +0 buckler
 41039 | Depths:4 | Reached skill level 20 in Dodging
 41077 | Depths:4 | Reached skill level 17 in Evocations
 41285 | Depths:4 | Received a gift from Trog
 41422 | Depths:4 | Found a gate to the Realm of Zot.
 41495 | Depths:4 | You add the spell Plasma Beam to your library.
 41539 | Depths:4 | Reached skill level 18 in Evocations
 41683 | Depths:4 | Reached XP level 23. HP: 228/229 MP: 22/22
 41715 | Depths:4 | Found a blossoming altar of Fedhas.
 42291 | Depths:3 | Voluntarily entered the Abyss.
 42480 | Abyss:1  | Received a gift from Trog
 42761 | Abyss:1  | Reached skill level 25 in Axes
 42829 | Abyss:1  | Found a corrupted altar of Lugonu.
 42857 | Abyss:1  | Found a corrupted altar of Lugonu.
 42875 | Abyss:2  | Found a corrupted altar of Lugonu.
 42890 | Abyss:3  | Found a corrupted altar of Lugonu.
 42910 | Abyss:3  | Found a corrupted altar of Lugonu.
 43182 | Abyss:3  | Received a gift from Trog
 43581 | Abyss:3  | Reached skill level 26 in Axes
 43634 | Abyss:3  | Found a corrupted altar of Lugonu.
 43708 | Abyss:3  | Noticed a dread lich
 43737 | Abyss:3  | Killed a dread lich
 43739 | Abyss:3  | Lost intelligence.
 43776 | Depths:3 | You pass through the gate.
 43776 | Depths:3 | Escaped the Abyss
 44123 | Elf:1    | Entered Level 1 of the Elven Halls
 44136 | Elf:1    | Identified the +6 battleaxe of Flawed Execution {heavy,
                  | rElec} (Trog gifted it to you on level 1 of the Elven
                  | Halls)
 44136 | Elf:1    | Received a gift from Trog
 44227 | Elf:1    | You add the spells Summon Small Mammal and Malign Gateway
                  | to your library.
 44227 | Elf:1    | Got the Omnibus of Summoning {forbidden}
 44360 | Elf:1    | You are sucked into a shaft and drop 1 floor!
 44464 | Elf:2    | Found Deuh's Antique Weapon Emporium.
 44549 | Elf:2    | Found a runed translucent gate.
 44561 | Elf:2    | Found a runed translucent gate.
 44562 | Elf:2    | Found a runed translucent gate.
 44616 | Elf:2    | Found Ziunyiv's Weapon Shop.
 44656 | Elf:2    | Reached skill level 27 in Axes
 44678 | Elf:2    | Found Dotaxt's Magic Scroll Emporium.
 44682 | Elf:2    | Bought a scroll of blinking for 105 gold pieces
 44682 | Elf:2    | Bought a scroll of identify for 28 gold pieces
 44720 | Elf:2    | Found Zoulimoga's Weapon Shop.
 44721 | Elf:2    | Found Gihemax's Weapon Emporium.
 44754 | Elf:2    | Received a gift from Trog
 44966 | Slime:1  | Entered Level 1 of the Pits of Slime
 45390 | Slime:2  | Gained mutation: Your body sometimes deteriorates upon
                  | taking damage. [a shining eye]
 45772 | Slime:5  | Entered Level 5 of the Pits of Slime
 45854 | Slime:5  | Noticed the Royal Jelly
 45874 | Slime:5  | Killed the Royal Jelly
 45875 | Slime:5  | Reached XP level 24. HP: 110/239 MP: 22/22
 46001 | Slime:5  | Received a gift from Trog
 46003 | Slime:5  | Gained mutation: You occasionally lose the ability to drink
                  | potions when taking damage. [a shining eye]
 46035 | Slime:5  | Identified the amulet of the Bruised Wonders {Spirit +Inv
                  | rF- Str+2}
 46063 | Slime:5  | You add the spells Slow and Vampiric Draining to your
                  | library.
 46065 | Slime:5  | Identified a +2 robe of the Archmagi
 46072 | Slime:5  | Identified the +11 shortbow of the Jester {antimagic, rN+}
 46082 | Slime:5  | Identified the +4 longbow "Deyl" {freeze, +Blink Dex+3}
 46111 | Slime:5  | Identified the +5 arbalest of the Crypt {heavy, rF+ rCorr}
 46134 | Slime:5  | Identified the +0 scale mail "Sorunn" {Str-4 Int+4 Dex+4}
 46137 | Slime:5  | Identified the +6 scale mail of Disaster {Str+5 Dex-4}
 46140 | Slime:5  | Identified the +6 long sword "Ytaxeweff" {freeze, Contam
                  | rPois rF+}
 46146 | Slime:5  | You add the spells Passage of Golubria, Silence and
                  | Lehudib's Crystal Spear to your library.
 46148 | Slime:5  | Got a slimy rune of Zot
 46152 | Slime:5  | You add the spells Ignite Poison and Petrify to your
                  | library.
 46152 | Slime:5  | Got the Compendium of Altered Execration {forbidden}
 46587 | Zot:1    | Entered Level 1 of the Realm of Zot
 46629 | Zot:1    | quicksilver dragon scales {rare}; a quicksilver dragon
                  | corpse
 46660 | Zot:1    | quicksilver dragon scales {rare}; a quicksilver dragon
                  | corpse
 46685 | Zot:1    | your +1 gold dragon scales {rare} glow green for a moment.
 46841 | Zot:1    | Found a transporter.
 46862 | Zot:1    | Noticed an electric golem
 46872 | Zot:1    | Killed an electric golem
 46922 | Zot:1    | +0 storm dragon scales {rare}; a storm dragon corpse
 46927 | Zot:1    | +0 storm dragon scales {rare}; a storm dragon corpse
 46954 | Zot:1    | +0 storm dragon scales {rare}; a storm dragon corpse
 46983 | Zot:1    | +0 storm dragon scales {rare}; a storm dragon corpse
 47028 | Zot:1    | Noticed a curse toe
 47035 | Zot:1    | Killed a curse toe
 47123 | Zot:1    | Identified +0 gold dragon scales
 47125 | Zot:1    | +0 gold dragon scales {rare}; a golden dragon corpse
 47132 | Zot:1    | +0 gold dragon scales {rare}; a golden dragon corpse
 47332 | Zot:1    | Reached skill level 25 in Fighting
 47389 | Zot:1    | Found a transporter.
 47504 | Zot:1    | a - the +7 executioner's axe of Defiance (weapon) {freeze,
                  | rN++ Dex+4, rare}
 47504 | Zot:1    | b - a +0 antimagic executioner's axe {rare}
 47504 | Zot:1    | your +0 antimagic executioner's axe {rare} glows red for a
                  | moment.
 47505 | Zot:1    | your +1 antimagic executioner's axe {rare} glows red for a
                  | moment.
 47506 | Zot:1    | your +2 antimagic executioner's axe {rare} glows red for a
                  | moment.
 47507 | Zot:1    | your +3 antimagic executioner's axe {rare} glows red for a
                  | moment.
 47508 | Zot:1    | your +4 antimagic executioner's axe {rare} glows red for a
                  | moment.
 47509 | Zot:1    | your +5 antimagic executioner's axe {rare} glows red for a
                  | moment.
 47510 | Zot:1    | your +6 antimagic executioner's axe {rare} glows red for a
                  | moment.
 47511 | Zot:1    | your +7 antimagic executioner's axe {rare} glows red for a
                  | moment.
 47512 | Zot:1    | your +8 antimagic executioner's axe {rare} glows red for a
                  | moment.
 47823 | Zot:2    | Received a gift from Trog
 47825 | Zot:2    | +0 storm dragon scales {rare}; a storm dragon corpse
 47917 | Zot:2    | Identified +0 gold dragon scales
 47918 | Zot:2    | Reached skill level 21 in Dodging
 47920 | Zot:2    | Found the +4 dragonskin cloak
 47920 | Zot:2    | Tiamat, Avatar of the Dragonlord comes into view. She is
                  | wielding a +1 glaive of venom and wearing the +4 dragonskin
                  | cloak.
 47920 | Zot:2    | Noticed Tiamat
 47935 | Zot:2    | Aim: Tiamat, wielding a +1 glaive of venom and wearing the
                  | +4 dragonskin cloak (poison gas, ally target)
 47940 | Zot:2    | Aim: Tiamat, wielding a +1 glaive of venom and wearing the
                  | +4 dragonskin cloak (poison gas, heavily wounded, ally
                  | target, chance to affect: 16%)
 47940 | Zot:2    | Aim: Tiamat, wielding a +1 glaive of venom and wearing the
                  | +4 dragonskin cloak (poison gas, heavily wounded, ally
                  | target, chance to affect: 16%)
 47942 | Zot:2    | Reached skill level 25 in Armour
 47947 | Zot:2    | Killed Tiamat
 47954 | Zot:2    | a +0 long sword; +0 gold dragon scales {rare}; a golden
                  | dragon corpse
 47956 | Zot:2    | a +0 long sword; +0 gold dragon scales {rare}; a golden
                  | dragon corpse
 48225 | Zot:2    | Identified the staff of cold "Juxetec" {rPois rC+ Will+}
 48225 | Zot:2    | Identified the ring of the Threshing Genius {Ice rN+ Dex+2}
 48225 | Zot:2    | Noticed Josephina
 48240 | Zot:2    | Killed Josephina
 48479 | Zot:2    | Reached skill level 19 in Evocations
 48793 | Zot:3    | Identified the +8 arbalest of Bioh {flame, Contam rPois
                  | Dex+2}
 48923 | Zot:3    | Noticed Grunn
 49519 | Orc:2    | Bought a scroll of blinking for 225 gold pieces
 49720 | D:8      | Bought a scroll of blinking for 90 gold pieces
 49720 | D:8      | Bought a scroll of blinking for 90 gold pieces
 49720 | D:8      | Bought a scroll of fog for 48 gold pieces
 49720 | D:8      | Bought a scroll of fog for 48 gold pieces
 50198 | Zot:3    | Reached skill level 26 in Fighting
 50252 | Zot:3    | Noticed a curse toe
 50266 | Zot:3    | Killed a curse toe
 50339 | Zot:3    | Noticed a curse toe
 50353 | Zot:3    | Killed a curse toe
 51079 | Zot:3    | Killed Grunn
 51529 | Zot:4    | Reached XP level 25. HP: 238/255 MP: 22/22
 52382 | Zot:5    | Entered Level 5 of the Realm of Zot
 52697 | Zot:5    | Received a gift from Trog
 52700 | Zot:5    | Noticed a dread lich
 52711 | Zot:5    | Killed a dread lich
 52927 | Zot:5    | Noticed an ancient lich
 52927 | Zot:5    | Noticed an orb of fire
 52946 | Zot:5    | Gained mutation: You are clumsy. (Dex -2) [an orb of fire]
 52947 | Zot:5    | Gained mutation: Armour fits poorly on your strangely
                  | shaped body. [an orb of fire]
 52952 | Zot:5    | Killed an orb of fire
 52959 | Zot:5    | Killed an ancient lich
 52960 | Zot:5    | Reached skill level 27 in Fighting
 52999 | Zot:5    | Noticed an ancient lich
 53003 | Zot:5    | Killed an ancient lich
 53004 | Zot:5    | Reached skill level 22 in Dodging
 53013 | Zot:5    | Noticed a dread lich
 53029 | Zot:5    | Killed a dread lich
 53032 | Zot:5    | Noticed an ancient lich
 53036 | Zot:5    | Reached skill level 26 in Armour
 53045 | Zot:5    | Killed an ancient lich
 53291 | Zot:5    | Noticed a Killer Klown
 53305 | Zot:5    | Noticed a Killer Klown
 53333 | Zot:5    | Killed a Killer Klown
 53397 | Zot:5    | Noticed an orb of fire
 53399 | Zot:5    | the +7 executioner's axe of Defiance {freeze, rN++ Dex+4,
                  | rare} stops glowing.
 53399 | Zot:5    | b - a +9 antimagic executioner's axe (weapon) {rare}
 53403 | Zot:5    | Gained mutation: You sometimes lose the ability to drink
                  | potions when taking damage. [an orb of fire]
 53416 | Zot:5    | Killed an orb of fire
 53427 | Zot:5    | Killed a Killer Klown
 53485 | Zot:5    | Noticed a dread lich
 53494 | Zot:5    | Killed a dread lich
 53984 | Zot:5    | Reached skill level 20 in Evocations
 54079 | Zot:5    | Noticed an electric golem
 54097 | Zot:5    | Killed an electric golem
 54137 | Zot:5    | Noticed a dread lich
 54151 | Zot:5    | Killed a dread lich
 54157 | Zot:5    | Noticed a dread lich
 54171 | Zot:5    | Got the Orb of Zot
 54595 | D:13     | Noticed Vuuheodo the pandemonium lord
 54600 | D:13     | Noticed Opaf the pandemonium lord
 54616 | D:13     | Killed Opaf the pandemonium lord
 54655 | D:11     | Noticed Rarpha the pandemonium lord
 54989 | D:$      | Escaped with the Orb!

Vanquished Creatures
  5 dread liches
  3 ancient liches (Zot:5)
  A pandemonium lord (D:13)
  Mara (Vaults:4)
  2 orbs of fire (Zot:5)
  A juggernaut (Depths:2)
  Josephina (Zot:2)
  2 Killer Klowns (Zot:5)
  Bai Suzhen (Spider:3)
  3 caustic shrikes
  3 curse toes
  7 golden dragons
  A profane servitor (Zot:1)
  Nikola (Swamp:2)
  2 bone dragons
  2 Tzitzimimeh (Zot:3)
  3 doom hounds (Zot:3)
  2 electric golems
  11 tentacled monstrosities
  23 Orb Guardians
  2 liches (Abyss:3)
  A Hell Sentinel (D:10)
  A walking earthen tome (Depths:2)
  2 titans (Depths:2)
  The ghost of Moagi the Champion of Chaos, an adept GnSk of Makhleb (Vaults:4)
  5 quicksilver dragons
  Grunn (Zot:3)
  3 tentacled starspawn (Abyss:3)
  14 acid blobs
  8 death cobs
  4 sphinxes
  A draconian monk (Zot:2)
  6 shadow dragons
  Donald (Spider:3)
  10 azure jellies
  11 storm dragons
  7 tengu reavers
  6 rockslimes
  6 fire giants
  6 iron dragons
  A deep elf sorcerer (Vaults:4)
  4 draconian scorchers
  5 emperor scorpions
  10 vault wardens
  3 draconian stormcallers
  12 frost giants
  6 ghost moths
  5 draconian knights
  4 spectral caustic shrikes (Depths:4)
  A balrug (Depths:2)
  3 draconian shifters
  2 draconian annihilators
  3 orc warlords
  13 quicksilver oozes
  7 spriggan defenders
  17 ironbound preservers
  A war gargoyle (Vaults:1)
  5 broodmothers
  2 reapers
  33 very ugly things
  A vampire knight (Depths:3)
  An eleionoma (shapeshifter) (Depths:4)
  4 ironbound thunderhulks
  14 stone giants
  4 eleionomae
  8 red draconians
  9 black draconians
  9 dire elephants
  3 green draconians
  18 purple draconians
  3 spark wasps
  6 yellow draconians
  Azrael (D:15)
  Nessos (Lair:5)
  A putrid mouth (Zot:3)
  2 bunyips
  A lorocyproca (Depths:2)
  A deep elf demonologist (Elf:1)
  5 white draconians
  10 ettins
  2 statues (WizLab)
  7 fire dragons
  An eidolon (Abyss:1)
  2 shambling mangroves
  10 yaktaur captains
  5 great orbs of eyes
  3 ice dragons
  3 entropy weavers
  2 deep elf high priests
  7 rakshasas
  2 peacekeepers
  2 hell beasts
  5 vault guards
  23 hydras
  2 caustic shrike simulacra (IceCv)
  10 centaur warriors
  8 spriggan air magi
  2 catoblepae
  A radroach (Spider:4)
  2 ghost crabs
  A merfolk avatar (Lair:5)
  An anaconda (Abyss:3)
  11 boulder beetles
  A jorogumo (Spider:3)
  10 ironbound frosthearts
  11 alligators
  8 dancing weapons
  7 deep troll shamans
  A two-headed ogre (D:8)
  2 death yaks (Lair:2)
  7 tengu warriors
  Urug (Lair:2)
  A vampire mage (Depths:1)
  6 hell hogs
  8 orc high priests (Orc:2)
  7 deep troll earth magi
  8 sun demons
  6 spriggan berserkers
  4 thrashing horrors (Abyss:3)
  Sonja (Lair:5)
  12 hell knights
  2 deep elf knights (Elf:2)
  Amaemon (D:11)
  A titan skeleton (Vaults:2)
  A sun moth (Spider:3)
  12 spriggans
  2 skysharks
  8 pharaoh ants
  4 wretched stars (Abyss:3)
  A goliath frog (shapeshifter) (Depths:1)
  3 soul eaters
  A sixfirhy (Depths:2)
  9 goliath frogs
  7 spriggan druids
  A sea snake (shapeshifter) (Depths:2)
  3 sea snakes (Lair:5)
  12 orb spiders
  9 swamp dragons
  A flayed ghost (Depths:3)
  55 deep trolls
  A quicksilver dragon simulacrum (Abyss:3)
  9 iron trolls
  5 bog bodies
  2 glowing orange brains
  6 wizards
  13 ironbound convokers
  7 deep elf archers
  11 lindwurms
  A spectral hydra (Lair:3)
  10 deep elf pyromancers
  13 deep elf zephyrmancers
  Pikel (D:6)
  6 steelbarb worms
  4 necromancers
  A tengu zombie (Vaults:2)
  5 harpies (Vaults:1)
  A mana viper (Abyss:3)
  11 orc knights
  4 orc sorcerers
  A manticore (D:15)
  4 cyclopes
  5 will-o-the-wisps
  25 wolf spiders
  3 worldbinders (Abyss:3)
  28 ugly things
  4 shining eyes
  28 moths of wrath
  23 elephants
  A stone giant skeleton (Vaults:2)
  An apocalypse crab (Abyss:3)
  2 naga magi
  A rust devil (Depths:2)
  3 eyes of devastation
  4 black mambas
  14 demonic crawlers
  14 vault sentinels
  9 cane toads
  6 smoke demons
  A storm dragon simulacrum (Zot:2)
  3 centaur skeletons (D:15)
  7 torpor snails
  4 orange demons
  Maggie (Lair:2)
  2 unseen horrors
  2 molten gargoyles (Volcano)
  A hellion (Abyss:3)
  7 rime drakes
  A tormentor (Zot:3)
  A yaktaur (shapeshifter) (D:15)
  6 komodo dragons
  14 yaktaurs
  An anaconda simulacrum (Abyss:3)
  3 ice devils
  4 freezing wraiths
  2 efreet
  24 tengu conjurers
  A red devil (Depths:2)
  5 ancient zymes
  12 meliai
  4 polar bears
  A meliai (shapeshifter) (Elf:2)
  32 tarantellas
  10 tyrant leeches
  3 hellwings
  2 snapping turtles (Lair:5)
  Grinder (D:4)
  A harpy skeleton (D:15)
  3 trolls
  17 hornets
  Prince Ribbit (Lair:1)
  A draconian simulacrum (Zot:2)
  2 dream sheep (Lair:5)
  26 blink frogs
  A deep troll zombie (Vaults:2)
  9 raiju
  A human simulacrum (Vaults:2)
  59 slime creatures
  31 jumping spiders
  A flying skull (Depths:3)
  Sigmund (D:3)
  11 wyverns
  A shadow (D:12)
  A water elemental (Depths:1)
  9 culicivoras
  5 ynoxinuls
  56 yaks
  2 vampires
  A dire elephant simulacrum (IceCv)
  2 wraiths (Abyss:3)
  7 fire elementals
  29 starcursed masses
  A yak (shapeshifter) (Abyss:1)
  A death yak simulacrum (Lair:2)
  7 fire bats (Volcano)
  10 golden eyes
  8 small abominations
  5 basilisks
  A black draconian simulacrum (Zot:2)
  5 neqoxecs
  An elf skeleton (Vaults:2)
  9 humans (D:13)
  7 vampire mosquitoes
  3 steam dragons
  Menkaure (D:6)
  41 redbacks
  3 chaos spawn (Abyss:3)
  7 wargs
  Edmund (D:4)
  A spectral cane toad (Lair:3)
  12 large abominations
  3 harpy simulacra (IceCv)
  15 swamp worms
  10 water moccasins
  A naga zombie (Abyss:3)
  3 floating eyes
  9 hell hounds
  A moth of wrath simulacrum (Zot:2)
  A hydra simulacrum (IceCv)
  4 acid dragons
  2 ice beasts
  A naga skeleton (Abyss:1)
  12 swamp drakes
  3 black bears
  27 orc warriors
  A sky beast (D:7)
  An ettin simulacrum (Vaults:2)
  15 ogres
  The ghost of vereth the Trooper, an amateur DsBe of Trog (D:4)
  19 wolves
  9 boggarts
  12 centaurs
  A lemure (D:6)
  2 phantoms
  7 bullfrogs
  4 kobold brigands
  3 gnoll sergeants
  A human skeleton (Vaults:2)
  3 scorpions
  A two-headed ogre simulacrum (Lair:2)
  5 wights
  8 killer bees
  3 electric eels
  11 howler monkeys
  7 lava snakes
  2 quasits (Abyss:3)
  12 hounds
  17 jellies
  4 gnoll boudas
  36 orc priests
  3 iron imps
  Ijyb (D:3)
  A sleepcap (D:4)
  7 iguanas
  18 orc wizards
  A troll simulacrum (Lair:2)
  2 spriggan simulacra (Lair:2)
  A wolf simulacrum (Lair:2)
  2 boggart simulacra
  3 mummies (Ossuary)
  Robin (D:3)
  31 gnolls
  3 adders
  3 shadow imps
  A white imp (Abyss:1)
  2 ufetubi
  An adder zombie (Ossuary)
  A worm (D:2)
  A dart slug (D:1)
  99 orcs
  6 ball pythons
  9 endoplasms
  A giant cockroach (D:1)
  8 hobgoblins
  4 jackals (D:1)
  4 quokkas
  18 bats
  3 frilled lizards
  14 goblins
  4 goblin zombies (Ossuary)
  3 hobgoblin zombies (Ossuary)
  39 kobolds
  4 kobold zombies (Ossuary)
  4 quokka zombies (Ossuary)
  6 rats
  2 rat zombies (Ossuary)
  A butterfly (D:6)
  A lurking horror (Abyss:3)
  A plant (Depths:2)
  A spectral weapon (Swamp:3)
  2 starspawn tentacles (Abyss:3)
2194 creatures vanquished.

Vanquished Creatures (collateral kills)
  the Royal Jelly (Slime:5)
  Tiamat (Zot:2)
  The ghost of rgbqcd the Executioner, a veteran MiBe of Trog (Vaults:4)
  Arachne (Spider:2)
  Rupert (Lair:3)
  2 acid blobs (Slime:5)
  4 azure jellies (Slime:5)
  A rockslime (Slime:5)
  A draconian knight (Zot:2)
  A quicksilver ooze (Slime:5)
  A very ugly thing (Depths:2)
  A green draconian (Zot:2)
  A yellow draconian (Zot:2)
  A wolf spider (Spider:2)
  2 redbacks
20 creatures vanquished.

Vanquished Creatures (others)
  A deep troll (Vaults:2)
  A deep elf pyromancer (Elf:1)
  A tengu conjurer (WizLab)
  A human (D:13)
  3 boggarts
  A quokka (Depths:2)
  20 foxfires
  32 fungi
  2 lurking horrors (Abyss:3)
  67 plants
  2 starspawn tentacles (Abyss:3)
131 creatures vanquished.

Grand Total: 2345 creatures vanquished

Table legend:
 A = Non-vault XP
 B = Vault XP
 C = Vault XP percentage of total XP
 D = Non-vault monster count
 E = Vault monster count
 F = Vault count percentage of total count
                 A         B        C        D         E       F
            +---------+---------+-------+---------+---------+-------
      Total |  684811 |  502140 |  42.3 |    1406 |     772 |  35.4
            +---------+---------+-------+---------+---------+-------
        D:1 |      52 |       0 |   0.0 |      31 |       0 |   0.0
        D:2 |      32 |       0 |   0.0 |      17 |       0 |   0.0
        D:3 |     133 |     294 |  68.9 |      21 |      11 |  34.4
        D:4 |     284 |     663 |  70.0 |      13 |      10 |  43.5
        D:5 |     796 |       0 |   0.0 |      15 |       0 |   0.0
        D:6 |     858 |     792 |  48.0 |      10 |       2 |  16.7
        D:7 |    1287 |    3433 |  72.7 |      18 |      54 |  75.0
        D:8 |    4298 |      13 |   0.3 |      26 |       9 |  25.7
        D:9 |    1622 |       0 |   0.0 |      11 |       0 |   0.0
       D:10 |    2787 |       0 |   0.0 |      23 |       0 |   0.0
       D:11 |    1924 |    9969 |  83.8 |      25 |      26 |  51.0
       D:12 |    3099 |    1033 |  25.0 |      14 |      21 |  60.0
       D:13 |    5709 |    3456 |  37.7 |      13 |      11 |  45.8
       D:14 |    6287 |       0 |   0.0 |      17 |       0 |   0.0
       D:15 |    8904 |    6599 |  42.6 |      15 |      17 |  53.1
     Lair:1 |    5566 |    1336 |  19.4 |      25 |       6 |  19.4
     Lair:2 |    3334 |    6292 |  65.4 |      12 |      20 |  62.5
     Lair:3 |   10746 |    3577 |  25.0 |      31 |       4 |  11.4
     Lair:4 |    6387 |     119 |   1.8 |      22 |       1 |   4.3
     Lair:5 |   12453 |    9246 |  42.6 |      48 |      32 |  40.0
    Swamp:1 |   18348 |       0 |   0.0 |      34 |       0 |   0.0
    Swamp:2 |    8911 |    2112 |  19.2 |      19 |       1 |   5.0
    Swamp:3 |   14426 |    2524 |  14.9 |      24 |       4 |  14.3
    Swamp:4 |   13032 |   14300 |  52.3 |      22 |      27 |  55.1
   Spider:1 |   21290 |       0 |   0.0 |      54 |       0 |   0.0
   Spider:2 |   15497 |    2009 |  11.5 |      43 |       1 |   2.3
   Spider:3 |   24287 |    4041 |  14.3 |      61 |       2 |   3.2
   Spider:4 |   18028 |   14586 |  44.7 |      36 |      24 |  40.0
    Slime:1 |    7602 |       0 |   0.0 |      11 |       0 |   0.0
    Slime:2 |   17751 |       0 |   0.0 |      31 |       0 |   0.0
    Slime:3 |    7727 |       0 |   0.0 |      21 |       0 |   0.0
    Slime:4 |    2377 |       0 |   0.0 |      10 |       0 |   0.0
    Slime:5 |    6282 |   25428 |  80.2 |       6 |      16 |  72.7
      Orc:1 |    3139 |       0 |   0.0 |      50 |       0 |   0.0
      Orc:2 |    1092 |    8023 |  88.0 |      20 |      67 |  77.0
      Elf:1 |    2762 |    8679 |  75.9 |       5 |      14 |  73.7
      Elf:2 |   10798 |    1662 |  13.3 |      17 |       2 |  10.5
   Vaults:1 |   20702 |   13147 |  38.8 |      37 |      16 |  30.2
   Vaults:2 |   35424 |   40501 |  53.3 |      52 |      49 |  48.5
   Vaults:3 |   24824 |   14196 |  36.4 |      33 |      19 |  36.5
   Vaults:4 |   15414 |   34247 |  69.0 |      19 |      31 |  62.0
   Depths:1 |   22312 |    4376 |  16.4 |      29 |       4 |  12.1
   Depths:2 |   24010 |   53223 |  68.9 |      29 |      45 |  60.8
   Depths:3 |   34720 |   29434 |  45.9 |      39 |      30 |  43.5
   Depths:4 |   50547 |   23931 |  32.1 |      61 |      20 |  24.7
      Zot:1 |   37792 |       0 |   0.0 |      31 |       0 |   0.0
      Zot:2 |   28414 |   21736 |  43.3 |      24 |      18 |  42.9
      Zot:3 |   25956 |    7992 |  23.5 |      18 |       4 |  18.2
      Zot:4 |   28978 |       0 |   0.0 |      25 |       0 |   0.0
      Zot:5 |   14443 |   90321 |  86.2 |      12 |      34 |  73.9
    Abyss:1 |    5798 |       0 |   0.0 |      29 |       0 |   0.0
    Abyss:3 |   45570 |    5728 |  11.2 |      97 |      11 |  10.2
    Ossuary |       0 |      77 | 100.0 |       0 |      21 | 100.0
     Bailey |       0 |    1241 | 100.0 |       0 |      25 | 100.0
      IceCv |       0 |    3644 | 100.0 |       0 |       8 | 100.0
    Volcano |       0 |    5386 | 100.0 |       0 |      20 | 100.0
     WizLab |       0 |   22774 | 100.0 |       0 |      35 | 100.0
            +---------+---------+-------+---------+---------+-------

Skill      XL: |  1  2  3  4  5  6  7  8  9 10 11 12 13 14 15 16 17 18 19 20 21 22 23 24 25 |
---------------+----------------------------------------------------------------------------+-----
Fighting       | 4 5 8 10 12 13 15 16 18 20 22 24 26 27 | 27.0
Axes           | 4 5 6 7 9 11 12 14 16 17 19 22 23 24 27 | 27.0
Armour         | 4 7 10 11 12 13 14 16 20 22 24 25 26 | 26.5
Evocations     | 3 5 8 10 11 13 15 18 19 20 | 20.2
Dodging        | 6 7 10 12 14 15 18 20 21 22 | 22.7

Action                     |  1- 3 |  4- 6 |  7- 9 | 10-12 | 13-15 | 16-18 | 19-21 | 22-24 | 25-27 || total
---------------------------+-------+-------+-------+-------+-------+-------+-------+-------+-------++-------
  Melee: Hand axe          |    99 |    53 |    76 |       |       |       |       |       |       ||   228
         Headbutt          |    12 |     5 |    47 |    84 |   115 |   111 |   282 |   405 |    82 ||  1143
         Punch             |     2 |       |       |       |       |       |       |       |       ||     2
         War axe           |       |       |   158 |    56 |       |       |       |       |       ||   214
         Battleaxe         |       |       |       |   364 |   676 |   539 |   429 |       |       ||  2008
         Flail             |       |       |       |    18 |       |       |       |       |       ||    18
         Executioner's axe |       |       |       |       |       |       |   618 |  1337 |   287 ||  2242
 Invoke: Berserk           |       |     3 |     6 |     3 |     1 |       |       |     1 |     1 ||    15
         Trog's Hand       |       |       |       |       |     3 |     4 |     2 |     9 |     1 ||    19
         Brothers in Arms  |       |       |       |       |       |     4 |     3 |     6 |       ||    13
  Evoke: Wand              |       |     2 |     1 |     3 |     2 |    14 |     2 |    22 |     4 ||    50
         Box of beasts     |       |       |       |       |     1 |     1 |     1 |     3 |       ||     6
         Condenser vane    |       |       |       |       |       |     1 |     3 |     4 |     1 ||     9
    Use: Scroll            |     1 |       |     3 |     9 |     8 |     7 |     7 |    21 |     3 ||    59
         Potion            |       |       |       |       |       |     5 |     3 |     5 |     5 ||    18
   Stab: Sleeping          |       |     1 |       |       |       |       |       |       |       ||     1
         Paralysed         |       |       |       |       |     2 |     1 |       |       |       ||     3
         Distracted        |       |       |       |       |       |     1 |     1 |     1 |       ||     3
 Armour: Animal skin       |    16 |    14 |       |       |       |       |       |       |       ||    30
         Chain mail        |       |       |   118 |    13 |       |       |       |       |       ||   131
         Plate armour      |       |       |       |   293 |   590 |   669 |   751 |   127 |       ||  2430
         Gold dragon scale |       |       |       |       |       |       |       |   690 |   141 ||   831
  Dodge: Dodged            |    60 |    22 |    89 |   258 |   354 |   471 |   657 |   755 |   121 ||  2787
  Block: Buckler           |     2 |     5 |    27 |     6 |       |       |       |       |       ||    40

Illustrated notes

Table legend:
 A = Kills in this place as a percentage of kills in the entire game.
 B = Kills by you in this place as a percentage of kills by you in the entire game.
 C = Kills by friends in this place as a percentage of kills by friends in the entire game.
 D = Other kills in this place as a percentage of other kills in the entire game.
 E = Experience gained in this place as a percentage of experience gained in the entire game.
 F = Experience gained in this place divided by the number of levels of this place that you have seen.
                   A       B       C       D       E      F
               +-------+-------+-------+-------+-------+----------------------
         Total | 100.0 | 100.0 | 100.0 | 100.0 | 100.0 | 20336.5
       Dungeon |  19.9 |  20.0 |   0.0 |   0.0 |   6.2 | 4956.9
          Lair |   9.2 |   9.2 |   7.1 |   0.0 |   4.9 | 11811.2
         Swamp |   6.0 |   6.0 |   0.0 |   0.0 |   6.1 | 18413.2
   Spider Nest |  10.1 |  10.0 |  28.6 |   0.0 |   8.3 | 24934.5
    Slime Pits |   4.3 |   4.2 |  21.4 |   0.0 |   5.6 | 13433.4
  Orcish Mines |   6.3 |   6.3 |   0.0 |   0.0 |   1.0 | 6127.0
   Elven Halls |   1.7 |   1.8 |   0.0 |   0.0 |   2.0 | 11950.5
        Vaults |  11.7 |  11.7 |   7.1 | 100.0 |  16.5 | 49613.8
        Depths |  11.8 |  11.8 |   7.1 |   0.0 |  20.3 | 60753.2
           Zot |   7.6 |   7.5 |  28.6 |   0.0 |  21.5 | 51609.0
         Abyss |   6.3 |   6.3 |   0.0 |   0.0 |   4.8 | 19032.0
       Ossuary |   1.0 |   1.0 |   0.0 |   0.0 |   0.0 |  77.0
        Bailey |   1.1 |   1.2 |   0.0 |   0.0 |   0.1 | 1241.0
      Ice Cave |   0.4 |   0.4 |   0.0 |   0.0 |   0.3 | 3644.0
       Volcano |   0.9 |   0.9 |   0.0 |   0.0 |   0.4 | 5386.0
        Wizlab |   1.6 |   1.6 |   0.0 |   0.0 |   1.9 | 22774.0
               +-------+-------+-------+-------+-------+----------------------

Table legend: (Time is in decaauts)
 A = Elapsed time spent in this place.
 B = Non-inter-level travel time spent in this place.
 C = Inter-level travel time spent in this place.
 D = Time resting spent in this place.
 E = Time spent auto-exploring this place.
 F = Levels seen in this place.
 G = Mean time per level.
                   A        B        C        D        E       F      G
               +--------+--------+--------+--------+--------+-----+--------+
         Total |  54816 |  48227 |   6589 |   6266 |  28568 |  59 |  929.1 |
       Dungeon |  17576 |  14019 |   3557 |   1564 |   9647 |  15 | 1171.7 |
          Lair |   4873 |   4254 |    619 |     47 |   3013 |   5 |  974.6 |
         Swamp |   2851 |   2686 |    165 |    281 |   1703 |   4 |  712.8 |
   Spider Nest |   4926 |   4510 |    416 |    906 |   2448 |   4 | 1231.5 |
    Slime Pits |   1207 |   1102 |    105 |    417 |    114 |   5 |  241.4 |
  Orcish Mines |   1594 |   1266 |    328 |     28 |    896 |   2 |  797.0 |
   Elven Halls |    659 |    625 |     34 |      0 |    427 |   2 |  329.5 |
        Vaults |   5589 |   5373 |    216 |    591 |   3396 |   4 | 1397.2 |
        Depths |   5583 |   4857 |    726 |    503 |   2809 |   4 | 1395.8 |
           Zot |   6752 |   6333 |    419 |   1253 |   3239 |   5 | 1350.4 |
         Abyss |   1427 |   1427 |      0 |    254 |    464 |   3 |  475.7 |
        Bazaar |    163 |    163 |      0 |      0 |     84 |   1 |  163.0 |
       Ossuary |    152 |    152 |      0 |      0 |     87 |   1 |  152.0 |
        Bailey |    393 |    393 |      0 |      3 |    167 |   1 |  393.0 |
      Ice Cave |     11 |     11 |      0 |      0 |      0 |   1 |   11.0 |
       Volcano |    307 |    307 |      0 |     25 |     73 |   1 |  307.0 |
        Wizlab |    746 |    746 |      0 |    390 |      0 |   1 |  746.0 |
               +--------+--------+--------+--------+--------+-----+--------+

Top non-repeatable levels by time:
   Zot:5: 1784 daAuts
    D:11: 1764 daAuts
    D:15: 1675 daAuts
Vaults:1: 1635 daAuts
Spider:2: 1601 daAuts
Depths:2: 1550 daAuts
Vaults:2: 1482 daAuts
   Zot:2: 1420 daAuts
Depths:1: 1411 daAuts
     D:7: 1401 daAuts
   Zot:3: 1361 daAuts
     D:5: 1351 daAuts
Depths:3: 1349 daAuts
    D:13: 1335 daAuts
Spider:3: 1309 daAuts
